[ AOE2 MATCH · #513550627 ]
UnrankedSpanish vs Poles
Player's team · LOSS
Rival team · WIN
[ REPLAY ANALYSIS · EXTRACTED FROM THE RECORDED GAME ]
Feudal
8:42
Castle
24:24
Imperial
—
| APM avg | 54.6 |
| APM peak | 166 |
| eAPM avg | 26.1 |
| Villagers / military | 113 / 64 |
Focus
⚔️ 48.7% · 🌾 51.3%
Skirmisher ×38 · Conquistador ×17 · Militia ×6 · Spearman ×2 · Monk ×1
Feudal
9:06
Castle
23:08
Imperial
35:44
| APM avg | 49.0 |
| APM peak | 90 |
| eAPM avg | 28.5 |
| Villagers / military | 132 / 80 |
Focus
⚔️ 37.5% · 🌾 62.5%
Knight ×61 · Archer ×17 · Trebuchet (Packed) ×2
Match map
Initial resources + every placement click. Lines = walls · curves = elevation contours. ◆ gold · ⬟ stone · ● berries · ✦ relic · ◌ wall gap
Your base· Open — unwalled flank
無名_'s base· Open — unwalled flank
Smoothed initial terrain · ◌ = detected wall gap · hover for details
Inputs per minute
— Dragon Extreme - - 無名_
Build order — Dragon Extreme
First 150 of 325 actions detected
| 0:00 | Queue | Villager (Male) |
| 0:01 | Queue | Villager (Male) |
| 0:01 | Queue | Villager (Male) |
| 0:02 | Build | House |
| 0:05 | Build | House |
| 0:08 | Queue | Villager (Male) |
| 0:18 | Build | House |
| 0:32 | Build | Lumber Camp |
| 1:45 | Queue | Villager (Male) |
| 2:09 | Queue | Villager (Male) |
| 2:09 | Queue | Villager (Male) |
| 2:32 | Queue | Villager (Male) |
| 2:32 | Queue | Villager (Male) |
| 2:32 | Queue | Villager (Male) |
| 2:57 | Queue | Villager (Male) |
| 2:57 | Queue | Villager (Male) |
| 3:24 | Queue | Villager (Male) |
| 3:24 | Queue | Villager (Male) |
| 3:42 | Queue | Villager (Male) |
| 3:42 | Queue | Villager (Male) |
| 3:43 | Queue | Villager (Male) |
| 4:07 | Queue | Villager (Male) |
| 4:08 | Queue | Villager (Male) |
| 4:26 | Queue | Villager (Male) |
| 4:27 | Queue | Villager (Male) |
| 4:57 | Queue | Villager (Male) |
| 4:57 | Queue | Villager (Male) |
| 5:19 | Queue | Villager (Male) |
| 5:19 | Queue | Villager (Male) |
| 5:25 | Build | Barracks |
| 5:40 | Queue | Villager (Male) |
| 5:49 | Queue | Villager (Male) |
| 5:49 | Queue | Villager (Male) |
| 6:02 | Research | Loom |
| 6:02 | Research | Loom |
| 6:32 | Research | Feudal Age |
| 6:32 | Research | Feudal Age |
| 6:32 | Research | Feudal Age |
| 7:01 | Queue | Militia |
| 7:01 | Queue | Militia |
| 7:01 | Queue | Militia |
| 7:21 | Build | Mill |
| 7:43 | Queue | Militia |
| 7:43 | Queue | Militia |
| 7:47 | Build | House |
| 8:12 | Queue | Militia |
| 8:42 | Age | Feudal Age |
| 8:46 | Research | Double-Bit Axe |
| 9:01 | Queue | Villager (Male) |
| 9:01 | Queue | Villager (Male) |
| 9:25 | Build | Watch Tower |
| 9:28 | Build | Stone Wall |
| 9:30 | Build | Stone Wall |
| 9:37 | Queue | Villager (Male) |
| 9:38 | Queue | Villager (Male) |
| 9:54 | Build | Farm |
| 10:00 | Build | Watch Tower |
| 10:06 | Build | Farm |
| 10:08 | Queue | Villager (Male) |
| 10:08 | Queue | Villager (Male) |
| 10:08 | Queue | Villager (Male) |
| 10:24 | Build | House |
| 10:34 | Queue | Villager (Male) |
| 10:34 | Queue | Villager (Male) |
| 10:34 | Queue | Villager (Male) |
| 10:52 | Queue | Villager (Male) |
| 10:52 | Queue | Villager (Male) |
| 11:03 | Build | Archery Range |
| 11:23 | Queue | Villager (Male) |
| 11:50 | Build | Stone Wall |
| 11:51 | Build | Stone Wall |
| 11:53 | Queue | Villager (Male) |
| 11:53 | Queue | Villager (Male) |
| 12:00 | Build | Archery Range |
| 12:15 | Build | House |
| 12:18 | Queue | Villager (Male) |
| 12:27 | Queue | Skirmisher |
| 12:28 | Queue | Skirmisher |
| 12:35 | Queue | Villager (Male) |
| 12:47 | Build | Blacksmith |
| 13:05 | Build | House |
| 13:05 | Queue | Villager (Male) |
| 13:19 | Queue | Skirmisher |
| 13:24 | Queue | Villager (Male) |
| 13:29 | Build | Watch Tower |
| 13:36 | Build | Farm |
| 13:52 | Queue | Villager (Male) |
| 13:54 | Queue | Skirmisher |
| 14:14 | Queue | Villager (Male) |
| 14:26 | Queue | Villager (Male) |
| 14:29 | Build | Farm |
| 14:29 | Build | Farm |
| 14:29 | Build | Farm |
| 14:37 | Build | Watch Tower |
| 14:56 | Queue | Spearman |
| 15:13 | Queue | Skirmisher |
| 15:23 | Build | Mining Camp |
| 15:30 | Build | House |
| 15:47 | Queue | Villager (Male) |
| 16:06 | Build | House |
| 16:06 | Queue | Villager (Male) |
| 16:09 | Build | Farm |
| 16:14 | Build | Farm |
| 16:20 | Queue | Skirmisher |
| 16:22 | Queue | Villager (Male) |
| 16:22 | Queue | Villager (Male) |
| 16:33 | Build | Stable |
| 16:39 | Build | Lumber Camp |
| 16:43 | Build | Farm |
| 16:44 | Queue | Villager (Male) |
| 16:58 | Queue | Villager (Male) |
| 17:01 | Build | Farm |
| 17:31 | Queue | Villager (Male) |
| 17:35 | Build | Farm |
| 17:35 | Build | Farm |
| 17:36 | Build | Farm |
| 17:44 | Queue | Villager (Male) |
| 17:57 | Build | Mill |
| 18:03 | Build | Farm |
| 18:06 | Queue | Skirmisher |
| 18:21 | Queue | Villager (Male) |
| 18:31 | Build | House |
| 18:34 | Queue | Villager (Male) |
| 18:36 | Queue | Skirmisher |
| 18:44 | Queue | Villager (Male) |
| 19:13 | Build | Mining Camp |
| 19:14 | Queue | Villager (Male) |
| 19:17 | Build | House |
| 19:17 | Queue | Villager (Male) |
| 19:18 | Queue | Villager (Male) |
| 19:20 | Build | Mining Camp |
| 19:35 | Build | Stone Wall |
| 19:39 | Build | Stone Wall |
| 19:44 | Build | House |
| 19:58 | Build | Stone Wall |
| 20:05 | Queue | Villager (Male) |
| 20:17 | Queue | Villager (Male) |
| 20:21 | Queue | Villager (Male) |
| 20:29 | Queue | Villager (Male) |
| 20:34 | Build | Market |
| 20:48 | Queue | Skirmisher |
| 21:27 | Research | Castle Age |
| 21:27 | Research | Castle Age |
| 21:27 | Research | Castle Age |
| 21:33 | Queue | Skirmisher |
| 21:57 | Build | Blacksmith |
| 22:01 | Queue | Skirmisher |
| 22:09 | Build | Outpost |
| 22:12 | Build | Outpost |
| 22:13 | Build | Outpost |
Build order — 無名_
First 150 of 386 actions detected
| 0:00 | Queue | Villager (Male) |
| 0:02 | Build | House |
| 0:02 | Build | House |
| 0:11 | Queue | Villager (Male) |
| 0:14 | Queue | Villager (Male) |
| 0:16 | Queue | Villager (Male) |
| 1:24 | Queue | Villager (Male) |
| 1:25 | Build | Lumber Camp |
| 2:03 | Queue | Villager (Male) |
| 2:19 | Queue | Villager (Male) |
| 2:37 | Queue | Villager (Male) |
| 3:15 | Queue | Villager (Male) |
| 3:15 | Queue | Villager (Male) |
| 3:24 | Build | House |
| 3:39 | Queue | Villager (Male) |
| 3:39 | Queue | Villager (Male) |
| 4:04 | Queue | Villager (Male) |
| 4:15 | Queue | Villager (Male) |
| 4:44 | Queue | Villager (Male) |
| 4:51 | Queue | Villager (Male) |
| 5:05 | Queue | Villager (Male) |
| 5:35 | Queue | Villager (Male) |
| 5:46 | Build | Mill |
| 6:17 | Research | Loom |
| 6:26 | Queue | Villager (Male) |
| 6:56 | Research | Feudal Age |
| 7:18 | Build | Barracks |
| 7:21 | Queue | Villager (Male) |
| 7:39 | Queue | Villager (Male) |
| 8:15 | Build | Mining Camp |
| 8:49 | Build | Palisade Wall |
| 8:51 | Build | Palisade Wall |
| 9:06 | Age | Feudal Age |
| 9:14 | Build | Watch Tower |
| 9:29 | Queue | Villager (Male) |
| 9:32 | Build | Archery Range |
| 9:38 | Build | Watch Tower |
| 9:48 | Queue | Villager (Male) |
| 10:04 | Build | Mining Camp |
| 10:05 | Queue | Villager (Male) |
| 10:21 | Build | Palisade Wall |
| 10:23 | Build | Palisade Wall |
| 10:27 | Queue | Archer |
| 10:32 | Build | Palisade Wall |
| 10:33 | Queue | Villager (Male) |
| 10:34 | Build | Palisade Wall |
| 10:35 | Build | Palisade Wall |
| 10:37 | Build | Palisade Wall |
| 10:39 | Queue | Archer |
| 10:57 | Queue | Villager (Male) |
| 11:07 | Build | House |
| 11:08 | Build | House |
| 11:12 | Build | Palisade Wall |
| 11:13 | Build | Palisade Wall |
| 11:43 | Queue | Villager (Male) |
| 11:49 | Queue | Villager (Male) |
| 11:52 | Queue | Archer |
| 11:57 | Build | Farm |
| 12:00 | Build | Farm |
| 12:04 | Research | Town Watch |
| 12:06 | Queue | Archer |
| 12:10 | Queue | Villager (Male) |
| 12:25 | Queue | Villager (Male) |
| 12:36 | Build | House |
| 12:37 | Build | Palisade Wall |
| 12:42 | Queue | Villager (Male) |
| 13:07 | Queue | Villager (Male) |
| 13:19 | Build | Lumber Camp |
| 13:22 | Queue | Villager (Male) |
| 13:50 | Research | Double-Bit Axe |
| 13:50 | Research | Double-Bit Axe |
| 13:57 | Queue | Archer |
| 14:14 | Build | Farm |
| 14:31 | Queue | Villager (Male) |
| 14:41 | Build | Mill |
| 14:43 | Queue | Villager (Male) |
| 14:45 | Build | Watch Tower |
| 15:04 | Build | Farm |
| 15:22 | Queue | Villager (Male) |
| 15:22 | Queue | Villager (Male) |
| 15:22 | Queue | Villager (Male) |
| 15:31 | Queue | Archer |
| 15:49 | Build | Farm |
| 15:56 | Queue | Villager (Male) |
| 16:05 | Queue | Villager (Male) |
| 16:10 | Build | Blacksmith |
| 16:16 | Queue | Villager (Male) |
| 16:17 | Queue | Archer |
| 16:20 | Build | Farm |
| 16:22 | Queue | Villager (Male) |
| 16:33 | Queue | Villager (Male) |
| 16:55 | Build | Watch Tower |
| 17:01 | Queue | Villager (Male) |
| 17:03 | Queue | Archer |
| 17:05 | Build | Farm |
| 17:11 | Research | Fletching |
| 17:22 | Queue | Villager (Male) |
| 17:26 | Build | Palisade Wall |
| 17:27 | Build | Palisade Wall |
| 17:28 | Build | Palisade Wall |
| 17:43 | Build | Farm |
| 17:47 | Queue | Villager (Male) |
| 18:05 | Build | House |
| 18:07 | Research | Wheelbarrow |
| 18:17 | Queue | Archer |
| 18:17 | Queue | Archer |
| 18:18 | Queue | Archer |
| 18:24 | Queue | Archer |
| 18:27 | Queue | Villager (Male) |
| 18:40 | Research | Horse Collar |
| 18:46 | Build | Farm |
| 18:48 | Queue | Archer |
| 18:50 | Queue | Villager (Male) |
| 18:58 | Build | Farm |
| 18:59 | Build | Farm |
| 19:00 | Build | Farm |
| 19:01 | Build | Farm |
| 19:02 | Build | Farm |
| 19:07 | Queue | Archer |
| 19:31 | Build | House |
| 19:34 | Build | House |
| 19:35 | Queue | Archer |
| 19:37 | Queue | Villager (Male) |
| 19:40 | Build | House |
| 19:41 | Build | House |
| 19:45 | Build | House |
| 19:49 | Build | Farm |
| 19:51 | Build | Farm |
| 20:28 | Research | Castle Age |
| 20:28 | Research | Castle Age |
| 20:33 | Build | House |
| 20:36 | Build | House |
| 20:50 | Build | Archery Range |
| 20:52 | Queue | Archer |
| 20:55 | Queue | Villager (Male) |
| 21:07 | Build | Farm |
| 21:19 | Build | House |
| 21:20 | Build | House |
| 21:22 | Build | House |
| 21:22 | Build | House |
| 21:35 | Queue | Villager (Male) |
| 22:44 | Research | Gold Mining |
| 22:44 | Research | Gold Mining |
| 22:45 | Research | Gold Mining |
| 22:46 | Research | Padded Archer Armor |
| 22:46 | Research | Padded Archer Armor |
| 22:48 | Queue | Villager (Male) |
| 22:58 | Build | Lumber Camp |
| 23:08 | Age | Castle Age |
| 23:10 | Research | Bodkin Arrow |
Match timeline
| 5:25 | Dragon Extreme · first_building Barracks |
| 7:18 | 無名_ · first_building Barracks |
| 8:42 | Dragon Extreme · age_up feudal |
| 8:49 | 無名_ · wall_segment Palisade Wall x1 |
| 8:51 | 無名_ · wall_segment Palisade Wall x1 |
| 9:06 | 無名_ · age_up feudal |
| 9:28 | Dragon Extreme · wall_segment Stone Wall x1 |
| 9:30 | Dragon Extreme · wall_segment Stone Wall x1 |
| 9:32 | 無名_ · first_building Archery Range |
| 10:21 | 無名_ · wall_segment Palisade Wall x1 |
| 10:23 | 無名_ · wall_segment Palisade Wall x1 |
| 10:32 | 無名_ · wall_segment Palisade Wall x1 |
| 10:34 | 無名_ · wall_segment Palisade Wall x1 |
| 10:35 | 無名_ · wall_segment Palisade Wall x1 |
| 10:37 | 無名_ · wall_segment Palisade Wall x1 |
| 11:03 | Dragon Extreme · first_building Archery Range |
| 11:12 | 無名_ · wall_segment Palisade Wall x1 |
| 11:13 | 無名_ · wall_segment Palisade Wall x1 |
| 11:50 | Dragon Extreme · wall_segment Stone Wall x1 |
| 11:51 | Dragon Extreme · wall_segment Stone Wall x1 |
| 12:37 | 無名_ · wall_segment Palisade Wall x3 |
| 16:33 | Dragon Extreme · first_building Stable |
| 17:26 | 無名_ · wall_segment Palisade Wall x8 |
| 17:27 | 無名_ · wall_segment Palisade Wall x3 |
| 17:28 | 無名_ · wall_segment Palisade Wall x2 |
| 19:35 | Dragon Extreme · wall_segment Stone Wall x1 |
| 19:39 | Dragon Extreme · wall_segment Stone Wall x1 |
| 19:58 | Dragon Extreme · wall_segment Stone Wall x1 |
| 23:08 | 無名_ · age_up castle |
| 24:24 | Dragon Extreme · age_up castle |
| 24:33 | Dragon Extreme · first_building Castle |
| 24:46 | Dragon Extreme · first_market_buy 100 wood |
| 28:41 | 無名_ · first_building Castle |
| 30:56 | 無名_ · first_building Stable |
| 31:27 | 無名_ · first_market_buy 100 stone |
| 34:47 | Dragon Extreme · first_building Monastery |
| 35:44 | 無名_ · age_up imperial |
| 36:05 | 無名_ · first_market_sell 100 wood |
| 38:21 | Dragon Extreme · resign |
[ AI ANALYSIS · 1 CREDIT ]
What really happened in this match?
Wolo.gg analyzes every decision: build order, eco, micro, common mistakes by bracket. Personalized analysis on WhatsApp or Discord in 30 seconds.
Civ guide
Spanish
Perfil
Dragon Extreme